[Event "ICC tourney 2149 (70 10)"]
[Site "Internet Chess Club"]
[Date "2020.11.21"]
[Round "1"]
[White "Davide25"]
[Black "Hydra88"]
[Result "1/2-1/2"]
[ICCResult "Game drawn by mutual agreement"]
[WhiteElo "1179"]
[BlackElo "1465"]
[Opening "French: Tarrasch, closed variation"]
[ECO "C05"]
[NIC "FR.17"]
[Time "12:42:06"]
[TimeControl "4200+10"]

1. d4 e6 2. e4 d5 3. Nd2 Nf6 4. e5 Nfd7 5. Bd3 c5 6. c3 Nc6 7. Ne2 Qb6 8.
Nf3 cxd4 9. cxd4 Qb4+ 10. Qd2 Qxd2+ 11. Bxd2 g6 12. Nf4 Bg7 13. Rc1 Nb6 14.
Bb5 Bd7 15. Bxc6 Bxc6 16. b3 O-O 17. O-O Rfc8 18. a4 Bxa4 19. bxa4 Nxa4 20.
Rxc8+ Rxc8 21. Rc1 Rxc1+ 22. Bxc1 b5 23. Nd3 Bf8 24. Bd2 Nb6 25. Bb4 Bxb4
26. Nxb4 a5 27. Nd3 b4 28. Kf1 b3 29. Ke1 a4 30. Nd2 Nc4 31. Kd1 b2 32. Kc2
Nxd2 33. Nxb2 a3 34. Nd3 a2 35. Kb2 a1=Q+ 36. Kxa1 Nb3+ 37. Kb2 Nxd4 38. Kc3
Nf5 39. f4 Nh4 40. Ne1 h6 41. g3 Nf5 42. Nf3 Kg7 43. Kd3 h5 44. Ne1 Nh6 45.
Nf3 Ng4 46. Kd4 Nh6 47. Ng5 Nf5+ 48. Kd3 h4 49. g4 Nh6 50. h3 Kf8 51. Nf3
Kg7 52. Nxh4 Ng8 53. Nf3 {Game drawn by mutual agreement} 1/2-1/2

[Event "ICC tourney 2149 (70 10)"]
[Site "Internet Chess Club"]
[Date "2020.11.21"]
[Round "1"]
[White "yugsshah"]
[Black "Munkhbileg2"]
[Result "1-0"]
[ICCResult "Black resigns"]
[WhiteElo "1478"]
[BlackElo "1312"]
[Opening "King's Indian: Andersson variation"]
[ECO "E92"]
[NIC "KI.18"]
[Time "12:41:56"]
[TimeControl "4200+10"]

1. d4 Nf6 2. c4 g6 3. Nc3 Bg7 4. e4 d6 5. Nf3 O-O 6. Be2 e5 7. dxe5 dxe5 8.
O-O Nc6 9. Bg5 b6 10. Qxd8 Rxd8 11. Nd5 Rd6 12. Nxc7 Rb8 13. Bxf6 Bxf6 14.
Nd5 Bb7 15. Rfd1 Rbd8 16. Nxf6+ Rxf6 17. Rxd8+ Nxd8 18. Rd1 Nc6 19. Rd7 Bc8
20. Rd2 Bg4 21. h3 Bxf3 22. Bxf3 Nd4 23. Bd1 Rf4 24. f3 f5 25. g3 Nxf3+ 26.
Bxf3 Rxf3 27. exf5 gxf5 28. Kg2 e4 29. Rd8+ Kg7 30. Rd7+ Kg6 31. Rxa7 Rd3
32. b3 e3 33. Ra8 Rd2+ 34. Kf1 Rf2+ 35. Ke1 Rg2 36. Rb8 Rxg3 37. Rg8+
{Black resigns}
1-0

[Event "ICC tourney 2149 (70 10)"]
[Site "Internet Chess Club"]
[Date "2020.11.21"]
[Round "1"]
[White "beans123"]
[Black "welmo"]
[Result "0-1"]
[ICCResult "White checkmated"]
[WhiteElo "1286"]
[BlackElo "1447"]
[Opening "Scotch gambit"]
[ECO "C50"]
[NIC "IG.02"]
[Time "12:42:05"]
[TimeControl "4200+10"]

1. e4 e5 2. Nf3 Nc6 3. Bc4 Bc5 4. d4 exd4 5. Ng5 d5 6. Bxd5 Ne5 7. Nxf7 Nxf7
8. Bxf7+ Kxf7 9. Qh5+ g6 10. Qxc5 b6 11. Qd5+ Qxd5 12. exd5 Nf6 13. c4 dxc3
14. Nxc3 Bb7 15. O-O Nxd5 16. Nxd5 Bxd5 17. Bf4 c6 18. b3 Rhe8 19. Rfe1
Rxe1+ 20. Rxe1 Re8 21. Rxe8 Kxe8 22. f3 Kd7 23. Kf2 c5 24. Bb8 a6 25. Ke3
Be6 26. h4 Kc6 27. Be5 Kd5 28. Bc3 b5 29. b4 cxb4 30. Bxb4 Kc4 31. a3 Bf5
32. g4 Bd7 33. Kf4 Bc6 34. Kg3 Kb3 35. h5 gxh5 36. gxh5 a5 37. Bxa5 Kxa3 38.
h6 b4 39. Bxb4+ Kxb4 40. f4 Kc5 41. Kg4 Kd5 42. Kf5 Bd7+ 43. Kf6 Ke4 44. Kg5
Bf5 45. Kf6 Kxf4 46. Kg7 Kg5 47. Kf7 Kxh6 48. Kf6 Bg6 49. Ke5 Kg5 50. Kd4 h5
51. Ke3 Kg4 52. Kf2 Kh3 53. Kg1 Be4 54. Kf2 Bg2 55. Kg1 h4 56. Kf2 Kh2 57.
Ke1 Kg1 58. Kd2 h3 59. Ke3 h2 60. Kf4 h1=Q 61. Kg3 Qh2+ 62. Kg4 Qh3+ 63. Kf4
Qf3+ 64. Ke5 Qg4 65. Kd6 Qf5 66. Ke7 Qg6 67. Kd7 Qf6 68. Kc7 Qe6 69. Kd8 Qf7
70. Kc8 Bc6 71. Kb8 Qb7# {White checkmated} 0-1

[Event "ICC tourney 2149 (70 10)"]
[Site "Internet Chess Club"]
[Date "2020.11.21"]
[Round "1"]
[White "thihansa"]
[Black "Rishibhatt"]
[Result "1/2-1/2"]
[ICCResult "Game drawn by mutual agreement"]
[WhiteElo "1223"]
[BlackElo "1336"]
[Opening "Giuoco Piano"]
[ECO "C54"]
[NIC "IG.02"]
[Time "12:41:54"]
[TimeControl "4200+10"]

1. e4 e5 2. Nf3 Nc6 3. Bc4 Bc5 4. c3 Nf6 5. d3 h6 6. h3 O-O 7. O-O d5 8.
exd5 Nxd5 9. Nbd2 Nf4 10. Ne4 Bb6 11. Be3 a6 12. Nxe5 Nxh3+ 13. gxh3 Nxe5
14. Bxb6 cxb6 15. f4 Nxc4 16. dxc4 Bxh3 17. Re1 Qc7 18. Qf3 Be6 19. b3 Qc6
20. Qg3 Kh8 21. Rad1 Rad8 22. Nf2 Rfe8 23. Ng4 Bxg4 24. Qxg4 Rxe1+ 25. Rxe1
Qg6 26. Qxg6 fxg6 27. Re7 Rb8 28. Kf2 {Game drawn by mutual agreement}
1/2-1/2

[Event "ICC tourney 2149 (70 10)"]
[Site "Internet Chess Club"]
[Date "2020.11.21"]
[Round "1"]
[White "WaSabi5829"]
[Black "ruhanv"]
[Result "1-0"]
[ICCResult "Black checkmated"]
[WhiteElo "1400"]
[BlackElo "965"]
[Opening "English: Caro-Kann defensive system"]
[ECO "A11"]
[NIC "EO.64"]
[Time "12:41:53"]
[TimeControl "4200+10"]

1. c4 c6 2. Nc3 d5 3. cxd5 cxd5 4. d4 Nf6 5. Bf4 e6 6. Nf3 Bd6 7. Bg3 Nc6 8.
e3 a6 9. a3 Bxg3 10. hxg3 Bd7 11. Bd3 Ne7 12. Ne5 O-O 13. Bxh7+ Kh8 14. Bg6+
Kg8 15. Bxf7+ Rxf7 16. Rh8+ Kxh8 17. Nxf7+ Kg8 18. Nxd8 Rxd8 19. Rc1 Kf7 20.
Qf3 Bc6 21. g4 g5 22. Ke2 Rh8 23. Qg3 Rh4 24. f3 Rh8 25. Qe5 Rg8 26. Na2
Bb5+ 27. Kf2 Bc4 28. Nb4 a5 29. Nc2 b6 30. Na1 a4 31. Qc7 b5 32. Qa5 Nc6 33.
Qc3 Rf8 34. Kg1 Ra8 35. Nc2 Na5 36. Nb4 Nb3 37. Re1 Na5 38. Kf2 Ke7 39. Kg3
Kf7 40. e4 dxe4 41. fxe4 Rh8 42. e5 Nd7 43. Qf3+ Ke7 44. Nc6+ Nxc6 45. Qxc6
Rf8 46. Qd6+ Kd8 47. Qb4 Rf4 48. Qd2 Ke8 49. Re3 Bd5 50. Re2 Kf7 51. Rf2
Rxf2 52. Qxf2+ Kg6 53. Qc2+ Kg7 54. Qc7 Kf8 55. Qxd7 Kg8 56. Qxb5 Kf8 57.
Qxa4 Kg8 58. Qe8+ Kg7 59. Qe7+ Kg8 60. b4 Kh8 61. b5 Kg8 62. b6 Kh8 63. b7
Bxb7 64. Qxb7 Kg8 65. d5 exd5 66. e6 d4 67. e7 Kf7 68. Qd7 d3 69. e8=Q+ Kf6
70. Qee6# {Black checkmated} 1-0

[Event "ICC tourney 2149 (70 10)"]
[Site "Internet Chess Club"]
[Date "2020.11.21"]
[Round "1"]
[White "LeoRamirezT"]
[Black "travelworld"]
[Result "1/2-1/2"]
[ICCResult "Game drawn by mutual agreement"]
[WhiteElo "1206"]
[BlackElo "1132"]
[Opening "QGD: Harrwitz attack"]
[ECO "D30"]
[NIC "QP.08"]
[Time "12:41:57"]
[TimeControl "4200+10"]

1. d4 d5 2. c4 e6 3. Bf4 Nf6 4. Nc3 Nc6 5. e3 Be7 6. Bd3 O-O 7. Qf3 Nb4 8.
Bb1 dxc4 9. Nge2 Nbd5 10. O-O Nxf4 11. Nxf4 Bd6 12. Nh5 Nxh5 13. Qxh5 g6 14.
Qe2 Qh4 15. h3 h5 16. Qxc4 e5 17. Be4 exd4 18. Qxd4 Bxh3 19. Nd5 f5 20. Ne7+
Qxe7 21. Bd5+ Kh7 22. gxh3 Rad8 23. Qc3 Be5 24. Qb3
{Game drawn by mutual agreement}
1/2-1/2

[Event "ICC tourney 2149 (70 10)"]
[Site "Internet Chess Club"]
[Date "2020.11.21"]
[Round "1"]
[White "Kingdude"]
[Black "hi321"]
[Result "0-1"]
[ICCResult "White resigns"]
[WhiteElo "1283"]
[BlackElo "1464"]
[Opening "QGD: exchange, positional line"]
[ECO "D35"]
[NIC "QO.16"]
[Time "12:42:06"]
[TimeControl "4200+10"]

1. d4 d5 2. c4 e6 3. Nc3 Nf6 4. cxd5 exd5 5. Bg5 Nc6 6. Nf3 a6 7. Qc2 Bb4 8.
h3 Qd6 9. e3 Ne4 10. Bf4 Bxc3+ 11. bxc3 Qa3 12. Rc1 O-O 13. Bd3 f5 14. O-O
h6 15. Bxc7 Be6 16. Bf4 Rac8 17. Qb3 Qxb3 18. axb3 Na5 19. Bxe4 fxe4 20. Nd2
Rc6 21. b4 Nc4 22. Nxc4 Rxc4 23. Rc2 Rfc8 24. Rfc1 Bd7 25. Ra2 Rxc3 26. Rxc3
Rxc3 27. Ra5 Bb5 28. Bd6 Rc6 29. Bg3 Kf7 30. Be5 g6 31. Kh2 Ke6 32. Bg7 h5
33. Bf8 Kf7 34. Bh6 Rc2 35. Kg3 Rb2 36. Ra1 Rxb4 37. Rc1 Bc4 38. Bf4 a5 39.
Bd6 Rb3 40. Ra1 b6 41. Bc7 Ke6 42. Bxb6 Rxb6 43. Rxa5 Kf5 44. h4 g5 45. Ra7
gxh4+ 46. Kxh4 Kg6 47. Ra8 Rf6 48. Rg8+ Kh7 49. Rg5 Rxf2 50. Rxh5+ Kg7 51.
Rg5+ Kf6 52. Rg3 Rf5 53. Rg8 Kf7 54. Rg5 Rf1 55. Rg3 Kf6 56. Rg8 Re1 57. Rg3
Rh1+ 58. Rh3 Ra1 59. Kg3 Kg5 60. Rh8 Re1 61. Rg8+ Kh6 62. Kf2 Re2+ 63. Kg3
Rxe3+ 64. Kf2 Rd3 65. g4 Rxd4 66. g5+ Kh7 67. Re8 Rd2+ 68. Ke3 Rg2 69. Kf4
Rg1 70. Re6 Kg7 71. Kf5 Rf1+ 72. Kg4 Rf7 73. g6 Rf6 74. Rxf6 Kxf6 75. Kh5
Kg7 76. Kg5 e3 {White resigns} 0-1

[Event "ICC tourney 2149 (70 10)"]
[Site "Internet Chess Club"]
[Date "2020.11.21"]
[Round "1"]
[White "venkataralla"]
[Black "RatislavK"]
[Result "1-0"]
[ICCResult "Black resigns"]
[WhiteElo "1476"]
[BlackElo "1198"]
[Opening "Nimzo-Indian: 4.e3 e8g8, 5.Nf3 d7d5"]
[ECO "E51"]
[NIC "NI.06"]
[Time "12:42:06"]
[TimeControl "4200+10"]

1. d4 Nf6 2. c4 e6 3. Nc3 Bb4 4. e3 d5 5. Nf3 O-O 6. Bd3 dxc4 7. Bxc4 Ne4 8.
Qc2 Ng5 9. Nxg5 Qxg5 10. O-O Nc6 11. Bd3 f5 12. e4 Qg6 13. exf5 exf5 14.
Qb3+ Kh8 15. d5 Bxc3 16. dxc6 Be5 17. cxb7 Bxb7 18. Qxb7 Qd6 19. Qf3 Bxh2+
20. Kh1 Be5 21. Rd1 Rad8 22. Be2 Qf6 23. g3 Rxd1+ 24. Bxd1 Bxb2 25. Rb1 Bxc1
26. Kg2 Bb2 27. Qb7 Be5 28. Qxa7 f4 29. g4 f3+ 30. Kf1 h5 31. Rb8 hxg4 32.
Bc2 Bd6 33. Rxf8+ Qxf8 34. Qd4 Qf4 35. Qb2 Qb4 36. Qxb4 Bxb4 37. Bf5 g3 38.
fxg3 Bc5 39. Bg4 f2 40. Ke2 g5 41. a4 Kg7 42. Bh3 Kf6 43. Kf3 Ba7 44. Bf1
Kf5 45. Bd3+ Ke5 46. Bf1 Kd5 47. a5 Kc5 48. a6 Kb4 49. Ke4 Kc3 50. Kf3 Kd2
51. Kg2 g4 52. Bb5 Ke1 53. Bf1 c6 54. Bc4 Kd2 55. Kf1 Ke3 56. Kg2 Kd2 57.
Be6 c5 58. Bxg4 c4 59. Bf5 c3 60. g4 c2 61. Bxc2 Kxc2 62. g5 Kd2 63. Kf1 Kc3
64. g6 Kb4 65. g7 Kb5 66. g8=Q Kxa6 67. Qa8 Kb6 68. Qd8+ Kb7 69. Qd5+ Kb8
70. Qc6 Be3 71. Qe8+ Kb7 72. Qxe3 {Black resigns} 1-0

[Event "ICC tourney 2149 (70 10)"]
[Site "Internet Chess Club"]
[Date "2020.11.21"]
[Round "1"]
[White "EmmiDM"]
[Black "FlowingMelody"]
[Result "1-0"]
[ICCResult "Black resigns"]
[WhiteElo "1499"]
[BlackElo "1311"]
[Opening "Giuoco Piano"]
[ECO "C54"]
[NIC "IG.02"]
[Time "12:41:51"]
[TimeControl "4200+10"]

1. e4 e5 2. Nf3 Nc6 3. Bc4 Bc5 4. c3 Nf6 5. d3 d6 6. Bg5 h6 7. Bh4 O-O 8. h3
Be6 9. Nbd2 a6 10. O-O b5 11. Bd5 Bxd5 12. exd5 Nb8 13. Ne4 Nbd7 14. d4 exd4
15. Nxd4 Bxd4 16. Qxd4 Re8 17. Rfe1 Rc8 18. Nxf6+ Nxf6 19. Rxe8+ Qxe8 20.
Bxf6 gxf6 21. Qxf6 Qf8 22. Re1 Qg7 23. Qf5 Rf8 24. Re7 Qg6 25. Qxg6+ fxg6
26. Rxc7 Rf5 27. c4 bxc4 28. Rxc4 Rxd5 29. Rc2 Kf7 30. Kf1 Kf6 31. Ke2 Re5+
32. Kd3 Rd5+ 33. Ke4 Re5+ 34. Kd4 a5 35. a3 Rb5 36. g4 Rb3 37. Kc4 Rxh3 38.
Kb5 Rh4 39. f3 h5 40. Kxa5 hxg4 41. fxg4 Rxg4 42. b4 d5 43. b5 d4 44. b6
Rg5+ 45. Ka6 Rd5 46. b7 Rd8 47. Ka7 d3 48. Rd2 Ke5 49. Rxd3 Rg8 50. b8=Q+
Rxb8 51. Kxb8 Ke4 52. Rd1 g5 53. a4 g4 54. a5 g3 55. a6 g2 56. a7 Kf3 57.
a8=Q+ Kf2 58. Qa2+ {Black resigns} 1-0

[Event "ICC tourney 2149 (70 10)"]
[Site "Internet Chess Club"]
[Date "2020.11.21"]
[Round "1"]
[White "chessfans2020"]
[Black "Missyboo"]
[Result "1-0"]
[ICCResult "Black resigns"]
[WhiteElo "1564"]
[BlackElo "1326"]
[Opening "Pirc: Ufimtsev-Pytel variation"]
[ECO "B07"]
[NIC "PU.08"]
[Time "12:42:44"]
[TimeControl "4200+10"]

1. e4 d6 2. d4 Nf6 3. Nc3 c6 4. Bc4 d5 5. exd5 cxd5 6. Bd3 Nc6 7. Nge2 e6 8.
Bf4 Be7 9. Qd2 a6 10. a3 Bd6 11. Qe3 Qc7 12. Qg3 Bxf4 13. Nxf4 O-O 14. Nh5
Qxg3 15. Nxf6+ gxf6 16. hxg3 f5 17. g4 Nxd4 18. gxf5 Re8 19. f6 Nf5 20. g4
d4 21. Na2 b5 22. gxf5 exf5+ 23. Kd2 Kh8 24. Rag1 Bb7 25. Rh3 Rg8 26. Rxg8+
Kxg8 27. Bxf5 Bc8 28. Rg3+ Kh8 29. Be4 Rb8 30. Rg7 Bb7 31. Rxh7+ Kg8 32.
Rg7+ Kf8 33. Bh7 Ke8 34. Rg8+ Kd7 35. Rxb8 Bf3 36. Bg8 Kc7 37. Rf8 Bh5 38.
Bxf7 Bxf7 39. Rxf7+ Kd6 40. Re7 {Black resigns} 1-0

[Event "ICC tourney 2149 (70 10)"]
[Site "Internet Chess Club"]
[Date "2020.11.21"]
[Round "1"]
[White "ranu540"]
[Black "Futurebus"]
[Result "1-0"]
[ICCResult "Black checkmated"]
[WhiteElo "1325"]
[BlackElo "1430"]
[Opening "Sicilian: Labourdonnais-Löwenthal variation"]
[ECO "B32"]
[NIC "SI.32"]
[Time "12:41:50"]
[TimeControl "4200+10"]

1. e4 c5 2. Nf3 Nc6 3. d4 cxd4 4. Nxd4 e5 5. Nf3 Nf6 6. Nc3 Be7 7. Bc4 O-O
8. O-O d6 9. Re1 Bg4 10. h3 Bh5 11. Qd3 Nb4 12. Qd1 Bxf3 13. gxf3 Rc8 14.
Bb3 Nh5 15. a3 Na6 16. Nd5 Bh4 17. f4 Nf6 18. fxe5 dxe5 19. Nxf6+ Qxf6 20.
Be3 Rfd8 21. Qg4 Qg6 22. Kh2 Qxg4 23. hxg4 b6 24. g5 Nc5 25. Kh3 Nxb3 26.
cxb3 Bxf2 27. Bxf2 Rd2 28. Bg3 Rxb2 29. Bxe5 Rxb3+ 30. Kg4 Re8 31. Bd6 f6
32. gxf6 gxf6 33. e5 fxe5 34. Rxe5 Rxe5 35. Bxe5 Kf7 36. Bd6 Kg6 37. Rh1 Rd3
38. Be7 h5+ 39. Kf4 Rd4+ 40. Ke5 Rd3 41. Ke6 Rd4 42. Bd6 h4 43. Kd7 Rc4 44.
Rh3 Kf5 45. Be7 b5 46. Rxh4 Ke5 47. Rh5+ Kd4 48. Rxb5 Kc3 49. Bf6+ Kd3 50.
Ra5 Rf4 51. Be7 Rd4+ 52. Ke8 Re4 53. Rxa7 Rg4 54. a4 Rg8+ 55. Bf8 Kc4 56.
Rb7 Rg2 57. a5 Ra2 58. Bb4 Ra4 59. Kd7 Kd5 60. Rb6 Kc4 61. a6 Kd5 62. Kc7
Kc4 63. Kb7 Rxb4 64. Rxb4+ Kxb4 65. a7 Kc4 66. a8=Q Kd4 67. Qa5 Kc4 68. Qb6
Kd3 69. Qc5 Ke4 70. Qd6 Ke3 71. Qd5 Ke2 72. Qd4 Kf3 73. Qe5 Kg4 74. Qf6 Kg3
75. Qf5 Kg2 76. Qf4 Kg1 77. Qd2 Kf1 78. Kc6 Kg1 79. Qe2 Kh1 80. Kd5 Kg1 81.
Ke4 Kh1 82. Kf3 Kg1 83. Qg2# {Black checkmated} 1-0

[Event "ICC tourney 2149 (70 10)"]
[Site "Internet Chess Club"]
[Date "2020.11.21"]
[Round "1"]
[White "haarim"]
[Black "ANCA0053"]
[Result "1-0"]
[ICCResult "Black resigns"]
[WhiteElo "1446"]
[BlackElo "1270"]
[Opening "Caro-Kann: two knights variation"]
[ECO "B10"]
[NIC "CK.01"]
[Time "12:41:57"]
[TimeControl "4200+10"]

1. e4 c6 2. Nf3 d5 3. Nc3 dxe4 4. Nxe4 Nf6 5. Nxf6+ exf6 6. Bc4 Bd6 7. O-O
O-O 8. d4 Bg4 9. h3 Bh5 10. Be3 Nd7 11. Be2 Qc7 12. Nh4 Bxe2 13. Qxe2 g6 14.
Qg4 h5 15. Qe4 Rfe8 16. Qd3 Kg7 17. Rfe1 Rad8 18. Qc3 Nb6 19. Bd2 c5 20.
dxc5 Qxc5 21. Qxc5 Bxc5 22. Ba5 Rxe1+ 23. Rxe1 Rd5 24. Bxb6 Bxb6 25. Nf3 Rc5
26. Re2 Rd5 27. Kf1 Kf8 28. Ke1 Rd7 29. a3 a5 30. b4 Rc7 31. Kd2 Rd7+ 32.
Kc3 axb4+ 33. axb4 Rc7+ 34. Kb3 Re7 35. Rd2 Ke8 36. c4 Bc7 37. c5 Bf4 38.
Rd1 Re2 39. Re1 Rxe1 40. Nxe1 g5 41. Kc4 Kd7 42. Nf3 f5 43. Nd4 g4 44. Nxf5
gxh3 45. gxh3 Be5 46. Kd5 Bf4 47. h4 b6 48. c6+ Kc7 49. b5 Bd2 50. Ng7 Be1
51. f4 Bxh4 52. Nxh5 Be7 53. Ng7 Bd6 54. Ne8+ {Black resigns} 1-0

[Event "ICC tourney 2149 (70 10)"]
[Site "Internet Chess Club"]
[Date "2020.11.21"]
[Round "2"]
[White "hi321"]
[Black "yugsshah"]
[Result "1-0"]
[ICCResult "Black checkmated"]
[WhiteElo "1434"]
[BlackElo "1192"]
[Opening "King's gambit"]
[ECO "C30"]
[NIC "KG.05"]
[Time "16:03:13"]
[TimeControl "4200+10"]

1. f4 e5 2. e4 Nc6 3. Nf3 Nf6 4. Nc3 Bb4 5. fxe5 Bxc3 6. exf6 Bxf6 7. Bc4
O-O 8. O-O Re8 9. d3 d6 10. c3 Bg4 11. Qb3 Na5 12. Bxf7+ Kf8 13. Qa4 Kxf7
14. Qxa5 b6 15. Qd5+ Be6 16. Ng5+ Kg8 17. Nxe6 Kh8 18. Nxd8 Raxd8 19. Be3
Rf8 20. Bd4 Bxd4+ 21. Qxd4 c5 22. Qxd6 Rxf1+ 23. Rxf1 h6 24. Rf8+ Rxf8 25.
Qxf8+ Kh7 26. e5 Kg6 27. e6 Kh7 28. e7 g6 29. e8=Q a5 30. Qh8#
{Black checkmated}
1-0

[Event "ICC tourney 2149 (70 10)"]
[Site "Internet Chess Club"]
[Date "2020.11.21"]
[Round "2"]
[White "ANCA0053"]
[Black "GiganticCell"]
[Result "1-0"]
[ICCResult "Black checkmated"]
[WhiteElo "1221"]
[BlackElo "1372"]
[Opening "QGD: Charousek (Petrosian) variation"]
[ECO "D31"]
[NIC "QO.14"]
[Time "16:03:07"]
[TimeControl "4200+10"]

1. d4 d5 2. c4 e6 3. Nc3 Be7 4. Nf3 Nf6 5. Bg5 h6 6. Bxf6 Bxf6 7. e3 O-O 8.
Bd3 b6 9. O-O c5 10. Rc1 Nc6 11. cxd5 exd5 12. Bb1 Bb7 13. dxc5 Bxc3 14.
Rxc3 bxc5 15. Rxc5 Nb4 16. a3 Na6 17. Rc1 Qb6 18. Qd3 Qxb2 19. Qh7#
{Black checkmated}
1-0

[Event "ICC tourney 2149 (70 10)"]
[Site "Internet Chess Club"]
[Date "2020.11.21"]
[Round "2"]
[White "lwidjaja"]
[Black "Draconian"]
[Result "0-1"]
[ICCResult "White resigns"]
[WhiteElo "1371"]
[BlackElo "1574"]
[Opening "Sicilian: Smith-Morra gambit"]
[ECO "B21"]
[NIC "SI.48"]
[Time "16:02:52"]
[TimeControl "4200+10"]

1. e4 c5 2. d4 cxd4 3. c3 dxc3 4. Nxc3 Nc6 5. Nf3 e6 6. Bf4 Bb4 7. Bd3 Nf6
8. O-O O-O 9. Qc2 d6 10. Rfd1 e5 11. Bg3 Bg4 12. Nd2 Bxd1 13. Rxd1 Nd4 14.
Qa4 Bc5 15. Nc4 a6 16. b4 b5 17. Qa3 bxc4 18. Bxc4 Bb6 19. Bh4 Qc7 20. Bf1
Rfc8 21. Na4 Nxe4 22. Bd3 Nc3 23. Rf1 Nxa4 24. Qxa4 Qc3 25. Qd1 d5 26. Bxh7+
Kxh7 27. Qh5+ Kg8 28. Bf6 gxf6 {White resigns} 0-1

[Event "ICC tourney 2149 (70 10)"]
[Site "Internet Chess Club"]
[Date "2020.11.21"]
[Round "2"]
[White "ruhanv"]
[Black "LucasW-B"]
[Result "1-0"]
[ICCResult "Black resigns"]
[WhiteElo "1245"]
[BlackElo "759"]
[Opening "Queen's pawn"]
[ECO "A40"]
[NIC "QO.17"]
[Time "16:03:02"]
[TimeControl "4200+10"]

1. d4 f6 2. Bf4 d5 3. e3 Nc6 4. Nf3 Bg4 5. h3 Bxf3 6. Qxf3 e5 7. Bg3 Qe7 8.
dxe5 Nxe5 9. Bxe5 Qxe5 10. c3 O-O-O 11. Be2 Bb4 12. Qg4+ f5 13. Qxb4 Ne7 14.
Nd2 Nc6 15. Qb3 d4 16. cxd4 Rxd4 17. Nf3 Qa5+ 18. Qc3 Nb4 19. Nxd4
{Black resigns}
1-0

[Event "ICC tourney 2149 (70 10)"]
[Site "Internet Chess Club"]
[Date "2020.11.21"]
[Round "2"]
[White "Rakib-Hasan"]
[Black "jalenwang"]
[Result "1-0"]
[ICCResult "Black resigns"]
[WhiteElo "1604"]
[BlackElo "1333"]
[Opening "Sicilian: Smith-Morra gambit"]
[ECO "B21"]
[NIC "SI.48"]
[Time "16:02:46"]
[TimeControl "4200+10"]

1. e4 c5 2. d4 cxd4 3. c3 dxc3 4. Nxc3 Nc6 5. Nf3 d6 6. Bc4 e6 7. Qe2 Nf6 8.
O-O Be7 9. Rd1 O-O 10. Bf4 a6 11. e5 Nh5 12. Be3 d5 13. Rac1 Qc7 14. Bb3
Nxe5 15. Nxd5 Nxf3+ 16. Qxf3 Qe5 17. Nxe7+ Kh8 18. Nxc8 Raxc8 19. Rxc8 Rxc8
20. Qxf7 Nf6 21. Bxe6 Re8 22. Bh3 Qc5 23. Bxc5 {Black resigns} 1-0

[Event "ICC tourney 2149 (70 10)"]
[Site "Internet Chess Club"]
[Date "2020.11.21"]
[Round "2"]
[White "miles42"]
[Black "ejrdz2007"]
[Result "1-0"]
[ICCResult "Black checkmated"]
[WhiteElo "1364"]
[BlackElo "1339"]
[Opening "QGD: semi-Slav"]
[ECO "D10"]
[NIC "SL.06"]
[Time "16:03:11"]
[TimeControl "4200+10"]

1. d4 d5 2. c4 c6 3. Nc3 e6 4. Nf3 f5 5. Bg5 Nf6 6. e3 Nbd7 7. cxd5 exd5 8.
Bd3 g6 9. h3 Qb6 10. Qc2 Ne4 11. O-O Nxg5 12. Nxg5 Nf6 13. a3 Bd6 14. b4 Ne4
15. Bxe4 fxe4 16. Qa4 h6 17. Nxd5 Qa6 18. Qxa6 bxa6 19. Nxe4 O-O 20. Nxd6
cxd5 21. Nxc8 Raxc8 22. Rac1 Kf7 23. Rc5 Rxc5 24. dxc5 Ke6 25. Rd1 Rc8 26.
f4 a5 27. Ra1 Kf5 28. Kf2 Ke4 29. Rd1 axb4 30. g4 Rxc5 31. Rd4#
{Black checkmated}
1-0

[Event "ICC tourney 2149 (70 10)"]
[Site "Internet Chess Club"]
[Date "2020.11.21"]
[Round "2"]
[White "GalaxyToast"]
[Black "mehtaaditya"]
[Result "0-1"]
[ICCResult "White resigns"]
[WhiteElo "1397"]
[BlackElo "1581"]
[Opening "English: Sicilian reversed"]
[ECO "A25"]
[NIC "EO.20"]
[Time "16:02:57"]
[TimeControl "4200+10"]

1. c4 e5 2. Nc3 Nc6 3. g3 Bb4 4. e4 Nf6 5. Nge2 d6 6. Bg2 Be6 7. Nd5 a6 8.
Nxb4 Nxb4 9. d3 O-O 10. Qb3 c5 11. a3 Nc6 12. Qxb7 Na5 {White resigns} 0-1

[Event "ICC tourney 2149 (70 10)"]
[Site "Internet Chess Club"]
[Date "2020.11.21"]
[Round "2"]
[White "chessmonk"]
[Black "aditya7708"]
[Result "0-1"]
[ICCResult "White resigns"]
[WhiteElo "1286"]
[BlackElo "1540"]
[Opening "Sicilian: closed"]
[ECO "B23"]
[NIC "SI.44"]
[Time "16:03:15"]
[TimeControl "4200+10"]

1. e4 c5 2. Nc3 d6 3. g3 Nc6 4. Bg2 e6 5. d3 Nf6 6. h3 g6 7. Bg5 Bg7 8. Qd2
O-O 9. Bh6 a6 10. Nge2 Qc7 11. f4 Bxh6 12. g4 Bg7 13. f5 exf5 14. gxf5 Ne5
15. fxg6 fxg6 16. h4 Bg4 17. O-O-O Rad8 18. Rde1 Bf3 19. Bxf3 Nxf3 20. Qg5
Nxg5 21. hxg5 {White resigns} 0-1

[Event "ICC tourney 2149 (70 10)"]
[Site "Internet Chess Club"]
[Date "2020.11.21"]
[Round "2"]
[White "Hydra88"]
[Black "srguy55"]
[Result "1-0"]
[ICCResult "Black resigns"]
[WhiteElo "1493"]
[BlackElo "1298"]
[Opening "Scotch opening"]
[ECO "C44"]
[NIC "KP.10"]
[Time "16:02:47"]
[TimeControl "4200+10"]

1. e4 e5 2. Nf3 Nc6 3. d4 d6 4. Bb5 Bd7 5. dxe5 dxe5 6. Bxc6 Bxc6 7. Qxd8+
Rxd8 8. Nxe5 Bxe4 9. O-O Be7 10. c3 Nh6 11. Nd2 Bd5 12. c4 f6 13. Nd3 Bxg2
14. Kxg2 Rxd3 15. Nf3 Nf5 16. Bf4 c6 17. Rad1 Rxd1 18. Rxd1 O-O 19. Rd7 g5
20. Bg3 Nxg3 21. hxg3 Bc5 22. Rxb7 Re8 23. b4 Re7 24. Rb8+ Kf7 25. bxc5 Re2
26. Rb7+ Kg6 27. Rxa7 Rc2 28. Ra6 Rxc4 29. Rxc6 h5 30. Ne5+ {Black resigns}
1-0

[Event "ICC tourney 2149 (70 10)"]
[Site "Internet Chess Club"]
[Date "2020.11.21"]
[Round "2"]
[White "SGOLD9367"]
[Black "smashattack"]
[Result "0-1"]
[ICCResult "White resigns"]
[WhiteElo "1314"]
[BlackElo "1475"]
[Opening "Sicilian defense"]
[ECO "B40"]
[NIC "SI.43"]
[Time "16:02:52"]
[TimeControl "4200+10"]

1. e4 c5 2. Nf3 e6 3. Nc3 Nc6 4. d3 Be7 5. Be2 Nf6 6. h3 d5 7. exd5 exd5 8.
d4 Bf5 9. dxc5 Bxc5 10. Bb5 O-O 11. O-O a6 12. Bxc6 bxc6 13. Ne5 Qc7 14. Nd3
Bd6 15. Ne2 Rfe8 16. Bf4 Bxd3 17. Bxd6 Qxd6 18. Qxd3 Re7 19. Ng3 Qd7 20.
Rfe1 c5 21. Nf5 Rxe1+ 22. Rxe1 c4 23. Qf3 Re8 24. Rxe8+ Qxe8 25. Qe3 Qxe3
26. Nxe3 Kf8 27. c3 g6 28. Kf1 Ke7 29. Ke2 Kd6 30. Nc2 Ne4 31. Ke3 Nc5 32.
Kd2 Nd3 33. Nb4 Nxb4 34. cxb4 d4 35. a4 f5 36. g3 Ke5 37. f3 g5 38. Ke2 h5
39. Kd2 Kd5 40. Ke2 d3+ 41. Kd2 Kd4 42. Kd1 Kd5 43. Kd2 g4 44. hxg4 f4 45.
gxh5 fxg3 46. Ke1 g2 47. Kf2 d2 {White resigns} 0-1

[Event "ICC tourney 2149 (70 10)"]
[Site "Internet Chess Club"]
[Date "2020.11.21"]
[Round "2"]
[White "None2Good"]
[Black "Coolkido"]
[Result "0-1"]
[ICCResult "White resigns"]
[WhiteElo "1448"]
[BlackElo "993"]
[Opening "Colle system"]
[ECO "D05"]
[NIC "QP.08"]
[Time "16:02:49"]
[TimeControl "4200+10"]

1. d4 d5 2. e3 Nf6 3. Nf3 e6 4. Bd3 c5 5. c3 Nc6 6. Nbd2 Bd6 7. O-O O-O 8.
e4 dxe4 9. Nxe4 Nxe4 10. Bxe4 cxd4 11. Nxd4 Nxd4 12. Qxd4 e5 13. Qe3 Qf6 14.
Bc2 Bg4 15. h3 Bf5 16. Bb3 b6 17. Qf3 e4 18. Qe2 Qe5 19. f4 exf3 20. Qxe5
Bxe5 21. Rxf3 Bg6 22. Bg5 Bd6 23. Raf1 h6 24. Be3 Rae8 25. Bd4 Re2 26. R3f2
Rxf2 27. Rxf2 Re8 28. Bc4 Rc8 29. Bd5 Bc5 30. Bxc5 Rxc5 31. c4 Kf8 32. b4
Rc7 33. Rf3 f6 34. Re3 Bf7 35. Bxf7 Kxf7 36. Re4 f5 37. Rd4 Ke6 38. Kf2 g5
39. Ke2 Ke5 40. Kd3 f4 41. Rd5+ Ke6 42. Kd4 Rc6 43. a3 Rd6 44. Ke4 Rc6 45.
c5 bxc5 46. bxc5 Ra6 47. Rd3 Ra4+ 48. Kf3 Rc4 49. Rd6+ Ke7 50. Rxh6 Rxc5 51.
Rh7+ Ke6 52. Rxa7 Rc3+ 53. Kf2 Rc2+ 54. Kg1 Ra2 55. a4 Kf5 56. a5 Ke4 57. a6
f3 58. Re7+ Kf4 59. Rf7+ Ke5 60. Rxf3 Rxa6 61. Kh2 Rh6 62. Kg3 Rf6 63. Rf5+
Rxf5 {White resigns} 0-1